 Dungeon Crawl Stone Soup version 0.29.1-13-g9f3cf754e1 (webtiles) character file.

Game seed: 12338400622295292540

858 booth the Covered (level 8, 0/63 HPs)
             Began as a Gnoll Wanderer on Feb 6, 2023.
             Was a Follower of Kikubaaqudgha.
             Slain by a lemure (6 damage)
             ... led by Pikel
             ... on level 5 of the Dungeon.
             The game lasted 00:39:02 (6205 turns).

booth the Covered (Gnoll Wanderer)                  Turns: 6205, Time: 00:39:03

Health: 0/63       AC: 12    Str:  9 (11) XL:     8   Next: 2%
Magic:  14/14      EV:  9    Int: 11 (13) God:    Kikubaaqudgha [*.....]
Gold:   167        SH:  0    Dex: 11 (13) Spells: 15/15 levels left

rFire   . . .      SeeInvis .   h - +1 hand axe
rCold   . . .      Faith    .   (no shield)
rNeg    + . .      Spirit   .   d - +2 scale mail
rPois   .          Reflect  .   (no helmet)
rElec   .          Harm     .   l - +1 cloak
rCorr   .          Rampage  .   (no gloves)
Will    .....                   (no boots)
Stlth   +.........              (no amulet)
HPRegen 0.20/turn               e - ring of positive energy
MPRegen 0.14/turn               (no ring)

@: lethally poisoned (0 -> 0)
A: fangs 1, strong nose, distributed training
a: Renounce Religion, Unearth Wretches


You were on level 5 of the Dungeon.
You worshipped Kikubaaqudgha.
Kikubaaqudgha was aware of your devotion.
You visited 1 branch of the dungeon, and saw 5 of its levels.
You also visited: Sewer.

You collected 167 gold pieces.

Inventory:

Hand Weapons
 a - a +0 dagger
 h - a +1 hand axe (weapon)
 p - a +0 lajatang
Missiles
 n - 7 poisoned darts (quivered)
 r - 2 curare-tipped darts
Armour
 d - a +2 scale mail (worn)
 l - a +1 cloak (worn)
Jewellery
 e - a ring of positive energy (left hand)
 j - a ring of magical power
Scrolls
 c - a scroll of blinking
 g - a scroll of enchant weapon
 i - a scroll of amnesia
 k - a scroll of fear
 o - 2 scrolls of magic mapping
Potions
 b - a potion of lignification
 f - a potion of brilliance {unknown}
 m - a potion of resistance


   Skills:
 + Level 5.5 Fighting
 + Level 3.0 Short Blades
 + Level 3.0 Long Blades
 + Level 3.0 Axes
 + Level 3.0 Maces & Flails
 + Level 3.0 Polearms
 + Level 3.0 Staves
 + Level 3.0 Ranged Weapons
 + Level 4.0 Throwing
 + Level 7.2 Armour
 + Level 4.0 Dodging
 + Level 3.0 Stealth
 + Level 3.0 Shields
 + Level 3.0 Unarmed Combat
 + Level 4.1 Spellcasting
 + Level 2.4 Conjurations
 + Level 2.4 Hexes
 + Level 2.4 Summonings
 + Level 2.4 Necromancy
 + Level 2.4 Translocations
 + Level 2.4 Transmutations
 + Level 2.4 Fire Magic
 + Level 2.4 Ice Magic
 + Level 4.5 Air Magic
 + Level 2.4 Earth Magic
 + Level 2.4 Poison Magic
 + Level 3.3 Invocations
 + Level 3.0 Evocations


You had 15 spell levels left.
You didn't know any spells.
Your spell library contained the following spells:

 Spells                   Type           Power      Damage    Failure   Level
 Poisonous Vapours        Pois/Air       18%        N/A       45%         2
 Static Discharge         Conj/Air       9%         3-5/arc   45%         2
 Magic Dart               Conj           28%        1d4       47%         1
 Necrotise                Necr           28%        1d5       47%         1
 Call Imp                 Summ           7%         N/A       63%         2
 Ensorcelled Hibernation  Hex/Ice        14%        N/A       63%         2
 Sublimation of Blood     Necr           7%         N/A       63%         2
 Mephitic Cloud           Conj/Pois/Air  9%         N/A       75%         3
 Call Canine Familiar     Summ           7%         N/A       85%         3
 Portal Projectile        Hex/Tloc       14%        N/A       85%         3
 Spider Form              Tmut/Pois      7%         N/A       85%         3
 Vampiric Draining        Necr           7%         2d6       85%         3
 Anguish                  Hex/Necr       3%         N/A       99%         4
 Animate Dead             Necr           7%         N/A       99%         4
 Leda's Liquefaction      Hex/Erth       3%         N/A       99%         4
 Petrify                  Tmut/Erth      7%         N/A       99%         4
 Irradiate                Conj/Tmut      3%         3d12      100%        5


Dungeon Overview and Level Annotations

Branches:
Dungeon (5/15)              Sewer (visited)
 Temple: D:4-7

Altars:
Kikubaaqudgha
The Shining One

Annotations:
D:4 Pikel


Innate Abilities, Weirdness & Mutations

You have very sharp teeth.
Your uncanny sense of smell can sniff out nearby items.
Your experience applies equally to all skills.


Message History

You hit the adder but do no damage. Your bite misses the adder.
You hit the lemure. The adder barely misses you. The lemure hits you.
* * * LOW HITPOINT WARNING * * *
You miss the adder. You barely miss the lemure. The adder misses you.
The lemure closely misses you. The adder bites you but does no damage.
The lemure barely misses you.
You hit the adder but do no damage. Your punch misses the adder.
You bite the adder, but do no damage. You closely miss the lemure.
The adder barely misses you. The lemure hits you but does no damage.
The adder bites you.
* * * LOW HITPOINT WARNING * * *
You hit the adder.
The adder is lightly wounded.
You hit the lemure. The adder barely misses you.
The lemure hits you but does no damage.
You barely miss the adder.
The adder is lightly wounded.
You hit the lemure. The adder bites you.
* * * LOW HITPOINT WARNING * * *
You are poisoned.
The adder poisons you! The lemure hits you but does no damage.
The adder barely misses you.
You barely miss the adder. You bite the adder.
The adder is moderately wounded.
You hit the lemure but do no damage.
You feel sick. The lemure hits you but does no damage.
The adder bites you but does no damage.
You miss the adder.
The adder is moderately wounded.
You completely miss the lemure.
You feel sick. The adder bites you but does no damage.
The lemure hits you but does no damage. The adder bites you but does no damage.
You closely miss the lemure. You bite the lemure, but do no damage.
The lemure is heavily wounded.
You hit the adder.
You feel sick. The lemure closely misses you. The adder barely misses you.
You hit the adder.
The adder is almost dead.
You closely miss the lemure.
You feel sick. The lemure hits you.
You die...
Kikubaaqudgha rasps: "You have failed me!
Welcome... death!"

##############.
.[....S@5......
.......########
#######


You could see a lemure and an adder.

Vanquished Creatures
  6 kobold brigands (Sewer)
  A scorpion (D:4)
  An orc priest (D:3)
  An iguana (D:4)
  Natasha (thrice) (D:2)
  An orc wizard (D:3)
  10 adders
  5 river rats
  2 worms
  A dart slug (D:4)
  4 orcs
  6 bats
  5 endoplasms
  2 giant cockroaches (D:3)
  20 goblins
  7 hobgoblins
  7 jackals (D:4)
  7 kobolds
  5 quokkas
  9 ball pythons
  3 frilled lizards
  10 rats
116 creatures vanquished.

Vanquished Creatures (others)
  A ball python (D:3)
  An endoplasm (D:3)
2 creatures vanquished.

Grand Total: 118 creatures vanquished

Notes
Turn   | Place    | Note
-------+----------+-------------------------------------------
     0 | D:1      | booth the Gnoll Wanderer began the quest for the Orb.
     0 | D:1      | booth set off with the following items: a +0 dagger, a
                  | potion of curing, a scroll of blinking, a +2 scale mail;
                  | and the following spells available to memorise: Poisonous
                  | Vapours, Static Discharge.
     0 | D:1      | Reached XP level 1. HP: 20/20 MP: 4/4
   580 | D:1      | Reached XP level 2. HP: 26/26 MP: 5/5
   954 | D:1      | Reached XP level 3. HP: 30/31 MP: 7/7
  1407 | D:1      | Reached skill level 1 in Invocations
  1989 | D:2      | Noticed Natasha
  2010 | D:2      | Killed Natasha
  2011 | D:2      | Reached skill level 1 in Short Blades
  2011 | D:2      | Reached skill level 1 in Long Blades
  2011 | D:2      | Reached skill level 1 in Axes
  2011 | D:2      | Reached skill level 1 in Maces & Flails
  2011 | D:2      | Reached skill level 1 in Polearms
  2011 | D:2      | Reached skill level 1 in Staves
  2011 | D:2      | Reached skill level 1 in Ranged Weapons
  2011 | D:2      | Reached skill level 1 in Stealth
  2011 | D:2      | Reached skill level 1 in Shields
  2011 | D:2      | Reached skill level 1 in Unarmed Combat
  2011 | D:2      | Reached skill level 1 in Evocations
  2011 | D:2      | Reached XP level 4. HP: 2/38 MP: 8/8
  2411 | D:2      | Noticed Natasha
  2427 | D:2      | Killed Natasha
  2428 | D:2      | Reached skill level 1 in Conjurations
  2428 | D:2      | Reached skill level 1 in Hexes
  2428 | D:2      | Reached skill level 1 in Summonings
  2428 | D:2      | Reached skill level 1 in Necromancy
  2428 | D:2      | Reached skill level 1 in Translocations
  2428 | D:2      | Reached skill level 1 in Transmutations
  2428 | D:2      | Reached skill level 1 in Fire Magic
  2428 | D:2      | Reached skill level 1 in Ice Magic
  2428 | D:2      | Reached skill level 1 in Earth Magic
  2428 | D:2      | Reached skill level 1 in Poison Magic
  2684 | D:2      | Noticed Natasha
  2709 | D:2      | Killed Natasha
  2710 | D:2      | Reached XP level 5. HP: 16/43 MP: 9/9
  3015 | D:3      | Found a glowing drain.
  3020 | Sewer    | Entered a sewer
  3343 | Sewer    | Noticed a kobold brigand
  3358 | Sewer    | Killed a kobold brigand
  3359 | Sewer    | Reached XP level 6. HP: 50/50 MP: 9/11
  3403 | Sewer    | Reached skill level 5 in Fighting
  4026 | Sewer    | Reached skill level 7 in Armour
  4026 | Sewer    | Reached XP level 7. HP: 49/56 MP: 12/12
  5283 | D:3      | Found a faded altar of an unknown god.
  5300 | D:3      | Prayed at the altar of an unknown god.
  5300 | D:3      | Became a worshipper of Kikubaaqudgha
  5300 | D:3      | Reached * piety under Kikubaaqudgha
  5300 | D:3      | Received a gift from Kikubaaqudgha
  5423 | D:3      | Found a glowing golden altar of the Shining One.
  6070 | D:4      | Reached XP level 8. HP: 49/63 MP: 14/14
  6153 | D:4      | Noticed Pikel
  6191 | D:5      | Entered Level 5 of the Dungeon
  6205 | D:5      | Slain by a lemure

Illustrated notes

Levels and vault maps discovered:
D:1:      denvon_arrival_hothouse, layout_basic, nrook_mini_vaults
D:2:      layout_rooms, uniq_natasha
D:3:      cheibrodos_greedy_goblins, layout_loops_corners,
          overflow_temple_1_default, ebering_ecumenical_altar_mist,
          gup_sewer_entry_bowl
D:4:      layout_loops_corners, minmay_temple_entry_overgrown, serial_shops,
          nicolae_take_the_stairs, uniq_pikel
D:5:      layout_loops_ring, uniq_sigmund

Skill      XL: |  1  2  3  4  5  6  7 |
---------------+----------------------+-----
Invocations    | 1 2 3 |  3.3
Short Blades   | 1 2 3 |  3.0
Long Blades    | 1 2 3 |  3.0
Axes           | 1 2 3 |  3.0
Maces & Flails | 1 2 3 |  3.0
Polearms       | 1 2 3 |  3.0
Staves         | 1 2 3 |  3.0
Ranged Weapons | 1 2 3 |  3.0
Stealth        | 1 2 3 |  3.0
Shields        | 1 2 3 |  3.0
Unarmed Combat | 1 2 3 |  3.0
Spellcasting   | 3 4 |  4.1
Evocations     | 1 2 3 |  3.0
Conjurations   | 1 2 |  2.4
Hexes          | 1 2 |  2.4
Summonings     | 1 2 |  2.4
Necromancy     | 1 2 |  2.4
Translocations | 1 2 |  2.4
Transmutations | 1 2 |  2.4
Fire Magic     | 1 2 |  2.4
Ice Magic      | 1 2 |  2.4
Earth Magic    | 1 2 |  2.4
Poison Magic   | 1 2 |  2.4
Throwing       | 3 4 |  4.0
Dodging        | 3 4 |  4.0
Air Magic      | 4 |  4.5
Fighting       | 5 |  5.5
Armour         | 7 |  7.2

Action                   |  1- 3 |  4- 6 |  7- 9 || total
-------------------------+-------+-------+-------++-------
Melee: Dagger            |   151 |       |       ||   151
       Bite              |    14 |    21 |    23 ||    58
       Punch             |     1 |       |     2 ||     3
       Hand axe          |    25 |   178 |   228 ||   431
Throw: Dart              |       |    29 |    61 ||    90
Invok: Unearth Wretches  |       |       |     1 ||     1
  Use: Potion            |       |     1 |     5 ||     6
       Scroll            |       |       |    10 ||    10
 Stab: Paralysed         |       |       |     1 ||     1
Armor: Scale mail        |   105 |    96 |   123 ||   324
Dodge: Dodged            |    78 |    88 |   115 ||   281
